 Dungeon Crawl Stone Soup version 0.26-b1-57-gb162d0664a (webtiles) character file.

Game seed: 14214480672339944452

85 Gauvater the Bolt Thrower (level 4, -11/27 HPs)
             Began as a Kobold Hunter on Jan 8, 2021.
             Mangled by a gnoll
             ... wielding a +0 halberd
              (15 damage)
             ... on level 2 of the Dungeon.
             The game lasted 00:07:49 (1426 turns).

Gauvater the Bolt Thrower (Kobold Hunter)           Turns: 1426, Time: 00:07:49

Health: -11/27     AC:  4    Str: 10    XL:     4   Next: 75%
Magic:  4/4        EV: 15    Int: 12    God:
Gold:   38         SH:  0    Dex: 15    Spells: 3/3 levels left

rFire    + . .     SeeInvis .   b - +0 short sword
rCold    + . .     Faith    .   (shield restricted)
rNeg     . . .     Spirit   .   c - +0 leather armour
rPois    +         Reflect  .   (no helmet)
rElec    +         Harm     .   (no cloak)
rCorr    +         Rampage  .   t - +0 pair of gloves
Will     .....                  (no boots)
Stlth    +++.......             (no amulet)
HPRegen  0.09/turn              (no ring)
MPRegen  0.09/turn              (no ring)

@: resistant
A: small, nightstalker 3
a: no special abilities


You were on level 2 of the Dungeon.
You visited 1 branch of the dungeon, and saw 2 of its levels.

You collected 38 gold pieces.

Inventory:

Hand Weapons
 a - a +1 hand crossbow
 b - a +0 short sword (weapon)
 g - a +0 dagger
Missiles
 d - 51 bolts
 h - 27 stones (quivered)
Armour
 c - a +0 leather armour (worn)
 t - a +0 pair of gloves (worn)
Jewellery
 i - an uncursed ring of wizardry {unknown}
 m - an uncursed ring of protection from cold {unknown}
 r - an uncursed ring of positive energy {unknown}
Scrolls
 e - a scroll of amnesia {unknown}
 f - a scroll of enchant armour {unknown}
 j - a scroll of remove curse {unknown}
 l - 2 scrolls of teleportation {unknown}
 o - a scroll of identify {unknown}
 s - a scroll of magic mapping {unknown}
Potions
 n - 2 potions of might {unknown}
 p - a potion of magic {unknown}
 q - a potion of invisibility {unknown}


   Skills:
 + Level 2.5 Fighting
 + Level 0.5 Short Blades
 + Level 6.3 Crossbows
 + Level 0.4 Armour
 + Level 2.8 Dodging
 + Level 2.0 Stealth


You had 3 spell levels left.
You didn't know any spells.
Your spell library was empty.

Dungeon Overview and Level Annotations

Branches:
Dungeon (2/15)

Altars:
Cheibriados


Innate Abilities, Weirdness & Mutations

You are small and have problems with some larger weapons.
You are completely attuned to the shadows.


Message History

The gnoll is heavily wounded.
The gnoll hits you from afar with a +0 halberd!
b - a +0 short sword (weapon)
The gnoll misses you.
You see here a cursed -3 club.
You closely miss the gnoll.
The gnoll is heavily wounded.
The gnoll hits you with a +0 halberd!
* * * LOW HITPOINT WARNING * * *
You hit the gnoll but do no damage.
The gnoll is heavily wounded.
The gnoll closely misses you.
You hit the gnoll but do no damage.
The gnoll is heavily wounded.
The gnoll closely misses you.
It was a potion of resistance.
You feel protected. The gnoll hits you with a +0 halberd!
Ouch! That really hurt!
You die...

#...##.####.#####.
#.#.##.###......#.
#.#...............
#.########.<###.#. #
#.# #..# #.#.
..##.########..# #.#.
#..............# #.#.
#### #.# ##.....###.#.
#...##@# #...........
.....#g#####.....###...
..(...†..........# ####
.(.$.#(.......#...
.$..############## ####


You could see a gnoll.

Vanquished Creatures
  A worker ant (D:2)
  An adder (D:2)
  2 gnolls (D:2)
  A dart slug (D:2)
  2 leopard geckos (D:2)
  A giant cockroach (D:2)
  2 goblins (D:1)
  4 hobgoblins
  5 kobolds
  4 bats (D:1)
  2 frilled lizards
  4 rats
29 creatures vanquished.

Notes
Turn   | Place    | Note
-------+----------+-------------------------------------------
     0 | D:1      | Gauvater the Kobold Hunter began the quest for the Orb.
     0 | D:1      | Reached XP level 1. HP: 12/12 MP: 1/1
    64 | D:1      | Reached skill level 5 in Crossbows
   228 | D:1      | Reached XP level 2. HP: 17/17 MP: 2/2
   784 | D:2      | Reached XP level 3. HP: 20/22 MP: 3/3
   850 | D:2      | Reached skill level 6 in Crossbows
   850 | D:2      | Reached XP level 4. HP: 24/27 MP: 4/4
  1043 | D:2      | Found a snail-covered altar of Cheibriados.
  1426 | D:2      | Mangled by a gnoll

Illustrated notes

Levels and vault maps discovered:
D:1:      wander_arrival_lonely_grave, layout_loops_ring,
          palyth_stone_intersect, grunt_decor_resistance
D:2:      layout_loops_ring, eino_tiny_chamber, kennysheep_slug_shrine

Skill      XL: |  1  2  3  4 |
---------------+-------------+-----
Crossbows      | 5 6 |  6.3
Stealth        | 2 |  2.0
Fighting       | |  2.5
Short Blades   | |  0.5
Armour         | |  0.4
Dodging        | |  2.8

Action                   |  1- 3 |  4- 6 || total
-------------------------+-------+-------++-------
Melee: Dagger            |    18 |       ||    18
       Short sword       |       |    24 ||    24
 Fire: Hand crossbow     |    38 |    20 ||    58
  Use: Potion            |       |     1 ||     1
 Stab: Sleeping          |     3 |     1 ||     4
Armor: Leather armour    |     7 |     3 ||    10
Dodge: Dodged            |    35 |    25 ||    60
